[Event "*** Titled Tuesday Blitz"]
[Site "Chess.com"]
[Date "2018.08.07"]
[Round "6"]
[White "Maxim_e2e4"]
[Black "NormWeinstein"]
[Result "0-1"]
[WhiteElo "2373"]
[BlackElo "2395"]
[TimeControl "180+2"]
[EndTime "14:18:33 PDT"]
[Termination "NormWeinstein won by resignation"]

1. e4 c5 2. Nf3 d6 3. d4 Nf6 4. Nc3 cxd4 5. Nxd4 Nc6 6. f3 e6 7. Be3 d5 8. exd5 exd5 9. Qd2 Bb4 10. a3 Ba5 11. Nb3 Bb6 12. O-O-O Be6 13. g4 O-O 14. g5 Nd7 15. h4 Re8 16. Nd4 Rc8 17. f4 Bg4 18. Nxc6 bxc6 19. Bxb6 axb6 20. Re1 Qc7 21. Bd3 Nc5 22. Rhg1 Rxe1+ 23. Rxe1 Nxd3+ 24. cxd3 g6 25. Re5 Qd7 26. d4 Re8 27. Qe3 Rxe5 28.
Qxe5 Qd8 29. Kd2 Be6 30. b4 Qa8 31. a4 Qf8 32. b5 cxb5 33. axb5 Qb4 34. Qb8+ Kg7 35. Qe5+ Kg8 36. Qe3 Qb2+ 37. Ke1 Qh2 38. Qf2 Qh1+ 39. Kd2 Qa1 40. Qe1 Qb2+ 41. Ke3 Bf5 42.
Qd2 Qa1 43. Nxd5 Qg1+ 44. Qf2 Qc1+ 45. Kf3 Qh1+ 46. Ke3 Qxd5 47. Kd2 Qxb5 48. Qe3 Qb2+ 49. Ke1 Qb1+ 50. Kd2 Qe4 51. Qxe4 Bxe4 52. Kc3 Bc6 53. Kb4 Kf8 0-1

[Event "*** Titled Tuesday Blitz"]
[Site "Chess.com"]
[Date "2018.08.07"]
[Round "6"]
[White "KamilPlichta"]
[Black "Litti"]
[Result "1-0"]
[WhiteElo "2610"]
[BlackElo "2460"]
[TimeControl "180+2"]
[EndTime "14:18:35 PDT"]
[Termination "KamilPlichta won by checkmate"]

1. d4 Nf6 2. Bg5 c5 3. Nc3 cxd4 4. Qxd4 Nc6 5. Qh4 Qa5 6. O-O-O d6 7. e4 Be6 8. a3 Rc8 9. f4 a6 10. Bxf6 gxf6 11. f5 Bd7 12. Bc4 Ne5 13. Bb3 h5 14.
Nf3 Bh6+ 15. Kb1 Nc4 16. Qxh5 Bg7 17. Qg4 Bh6 18. Bxc4 Rxc4 19. Rd3 b5 20. Nd4 b4 21. Nb3 Qd8 22. axb4 Rxb4 23. Nd5 Rb7 24. Rhd1 a5 25.
Qe2 a4 26. Nd4 Qa5 27. Ka1 Qc5 28. g3 Rg8 29. Rc3 Qa5 30. Qh5 Rh8 31. Qe2 Kd8 32.
Qc4 Qa8 33. Nc6+ Ke8 34. Ncxe7 Bf8 35. Nc6 Bg7 36. Qd4 Rxh2 37. Nxf6+ Kf8 38. Nxd7+ Rxd7 39.
f6 Bh6 40. Ne7 Rd8 41. Qd5 Qa7 42. Qxd6 Ra8 43. Qd8+ Rxd8 44. Rxd8# 1-0

[Event "*** Titled Tuesday Blitz"]
[Site "Chess.com"]
[Date "2018.08.07"]
[Round "6"]
[White "LucaBrasi1968"]
[Black "hypert"]
[Result "1-0"]
[WhiteElo "2471"]
[BlackElo "2342"]
[TimeControl "180+2"]
[EndTime "14:18:35 PDT"]
[Termination "LucaBrasi1968 won by resignation"]

1. e4 c5 2. c3 d5 3. exd5 Qxd5 4.
d4 Bf5 5. Nf3 Nc6 6. Be3 e6 7.
Be2 Nf6 8. O-O Ng4 9. Bf4 Be7 10.
c4 Qd7 11. d5 Nd8 12. h3 Nf6 13. Ne5 Qc8 14. d6 Bf8 15. g4 Be4 16. Nc3 Bc6 17. Nb5 Bxb5 18. cxb5 Nd7 19. Nc4 g6 20. Bf3 Bg7 21.
Bg5 f6 22. Bf4 O-O 23. Re1 Kh8 24. a4 Rb8 25. Bg3 e5 26. Bd5 f5 27. Nxe5 f4 28.
Nxd7 Qxd7 29. Bh4 Qxd6 30. Be7 Qd7 31. Bxf8 Bxf8 32. Bc4 Qc7 33. Qd5 Qg7 34. Re8 Nc6 35. Rxb8 Nxb8 36. Rd1 Be7 37. Qe6 Qf8 38. Bd5 b6 39.
Bf3 a6 40. Re1 Bf6 41. b3 axb5 42. axb5 Kg7 43. Re2 Qd8 44. Qe8 Qxe8 45. Rxe8 Nd7 46. Bc6 Ne5 47. Rb8 c4 48. bxc4 Nxc4 49. Bd5 Nb2 50.
Rxb6 Nd3 51. Rb7+ Kh6 52. b6 Bd4 53. Kf1 Nxf2 54. Rb8 Nxh3 55. b7 Be5 56. Re8 Bc7 57. b8=Q Bxb8 58. Rxb8 Kg5 59. Bf3 Kh4 60. Rh8 Ng5 61.
Kg2 h5 62. gxh5 Nxf3 63. Kxf3 gxh5 64. Kxf4 1-0

[Event "*** Titled Tuesday Blitz"]
[Site "Chess.com"]
[Date "2018.08.07"]
[Round "6"]
[White "DoctorSocrates"]
[Black "GMKrikor"]
[Result "1-0"]
[WhiteElo "2560"]
[BlackElo "2769"]
[TimeControl "180+2"]
[EndTime "14:18:37 PDT"]
[Termination "DoctorSocrates won on time"]

1. Nc3 d5 2. e4 dxe4 3. Nxe4 Bf5 4. Ng3 Bg6 5. Nf3 e6 6. h4 Nf6 7. h5 Be4 8. Nxe4 Nxe4 9. Qe2 Nd6 10. g4 c5 11. Bg2 Nc6 12. b3 Be7 13. Bb2 Bf6 14. Ne5 Nxe5 15. Bxe5 O-O 16. f4 Rc8 17. g5 Bxe5 18.
fxe5 Nf5 19. Qg4 Qc7 20. Qf4 Rfd8 21. c3 Rd7 22. O-O-O Rcd8 23. Be4 c4 24. g6 cxb3 25. axb3 Nd4 26. Kb2 Ne2 27. Qe3 Ng3 28. Qxg3 Rxd2+ 29. Rxd2 Rxd2+ 30. Bc2 h6 31. gxf7+ Qxf7 32. Rg1 a5 33.
Qe3 Rh2 34. Qxh6 Rxc2+ 35. Kxc2 Qf2+ 36. Kd3 Qxg1 37. Qxe6+ Kh7 38. Qf5+ Kh6 39. Kc4 Qb6 40. e6 Qc6+ 41. Kd3 Qd6+ 42. Ke4 Qc6+ 43. Kf4 Qd6+ 44. Ke4 Qc6+ 45. Kd3 Qd6+ 46. Kc2 Qh2+ 47. Kb1 Qg1+ 48.
Kb2 Qh2+ 49. Qc2 Qxh5 50. e7 1-0

[Event "*** Titled Tuesday Blitz"]
[Site "Chess.com"]
[Date "2018.08.07"]
[Round "6"]
[White "xberli"]
[Black "BillieKimbah"]
[Result "0-1"]
[WhiteElo "2484"]
[BlackElo "2818"]
[TimeControl "180+2"]
[EndTime "14:19:00 PDT"]
[Termination "BillieKimbah won by resignation"]

1. e4 e5 2. Nf3 Nc6 3. Bb5 a6 4. Ba4 Nf6 5. O-O Be7 6. Re1 b5 7. Bb3 O-O 8. d3 d6 9. Bd2 Bb7 10. a3 Qd7 11. Nc3 Nd8 12. a4 Ne6 13. a5 c5 14. Ne2 Rac8 15. Ng3 c4 16. Ba2 Rfe8 17.
Nf5 Bf8 18. Be3 Ng4 19. Bb6 g6 20. Ng3 Nf6 21. b3 cxd3 22. cxd3 Bg7 23. Qd2 Nf4 24. Rac1 h5 25. Ne2 Nxe2+ 26. Qxe2 d5 27. Ng5 Bh6 28. Rxc8 Rxc8 29. h4 dxe4 30. Nxe4 Nxe4 31. dxe4 Bf8 32. Rd1 Qe7 33. g3 Qb4 34. Qf3 Bxe4 35.
Qf6 Qd2 36. Rf1 Qxa2 37. Qxe5 Bg7 38. Qxe4 Qxb3 39. Qb7 Qe6 40. Qxa6 b4 41. Qb5 b3 42.
a6 b2 43. a7 Qe4 44. Be3 Kh7 45. Qb8 Re8 46. Rd1 Bf6 47. Qf4 b1=Q 48. Rxb1 Qxb1+ 49. Kh2 Qf5 50. Qh6+ Kg8 51. Bf4 Be5 52. Bxe5 Qxf2+ 53.
Kh3 Qf5+ 54. Kg2 Qxe5 55. Qd2 Qe4+ 0-1

[Event "*** Titled Tuesday Blitz"]
[Site "Chess.com"]
[Date "2018.08.07"]
[Round "6"]
[White "eljanov"]
[Black "Parhamov"]
[Result "1/2-1/2"]
[WhiteElo "2683"]
[BlackElo "2760"]
[TimeControl "180+2"]
[EndTime "14:19:05 PDT"]
[Termination "Game drawn by agreement"]

1. d4 Nf6 2. c4 e5 3. dxe5 Ng4 4. Bf4 Nc6 5. Nf3 Bb4+ 6. Nbd2 Qe7 7. e3 Ngxe5 8.
Nxe5 Nxe5 9. a3 Bxd2+ 10. Qxd2 O-O 11. Be2 a5 12. O-O d6 13. b4 b6 14. Qc3 f6 15. c5 dxc5 16. bxc5 Bf5 17. cxb6 cxb6 18. Bxe5 Qxe5 19. Qb3+ Kh8 20. Qxb6 Rab8 21. Qa7 Rb2 22.
Bf3 h6 23. Rac1 Bd3 24. Rfd1 Be2 25. Bxe2 Rxe2 26. Qc5 Qxc5 27. Rxc5 Ra8 28. g4 Ra2 29. Rd3 a4 30. Rc4 Ra5 31. Kg2 Kh7 32. Kg3 Kg6 33. Rc7 h5 34. Rdd7 hxg4 35. Rxg7+ Kf5 36. Rce7 Re5 37. Rxe5+ fxe5 38. Rxg4 Rxa3 39. h4 Ra1 40. Kf3 a3 41. Ra4 a2 42. Ra5 Rh1 43. Rxa2 Rxh4 44.
Ra5 Ke6 45. Ke2 Rb4 46. Ra8 e4 47. Kf1 Rb7 48. Re8+ Kf5 49. Rf8+ Ke5 50. Rg8 Rf7 51. Kg2 Kd5 52. Rg5+ Ke6 53. Kf1 Rf8 54. Ke2 Ra8 55. Rb5 Ra2+ 56. Kf1 Ra8 57. Kg2 Rg8+ 58. Kh3 Rf8 59. Rb2 Rg8 60. Rb5 Kf6 61. Kh2 Ke6 62. Kh3 Kf6 1/2-1/2

[Event "*** Titled Tuesday Blitz"]
[Site "Chess.com"]
[Date "2018.08.07"]
[Round "6"]
[White "Alopekos"]
[Black "narutosmith"]
[Result "0-1"]
[WhiteElo "2449"]
[BlackElo "2110"]
[TimeControl "180+2"]
[EndTime "14:19:05 PDT"]
[Termination "narutosmith won by resignation"]

1. e4 c5 2. Nf3 e6 3. d4 cxd4 4. Nxd4 Nc6 5. Nc3 Qc7 6. Be3 a6 7. Be2 b5 8. O-O Bb7 9. f4 Bc5 10. Nf5 Qb6 11. Nd6+ Ke7 12. Nxb7 Bxe3+ 13. Kh1 Qxb7 14. e5 Bc5 15. Ne4 Qb6 16. c3 Ke8 17.
a4 b4 18. a5 Qa7 19. Bf3 f5 20. Nd2 Nge7 21. Nc4 Kf7 22. Qd3 Rad8 23. Rfd1 h5 24.
Qe2 h4 25. h3 Qc7 26. Rd2 d5 27. exd6 Bxd6 28. Re1 Rh6 29. Nb6 Bxf4 30. Rd7 Rxd7 31. Nxd7 Qxd7 32. Qxa6 Bc7 33. Qb7 Qd6 34. Kg1 Nxa5 35.
Qxb4 Qh2+ 36. Kf1 Nac6 37. Qc5 Qd6 38. Qxd6 Bxd6 39. b4 Ne5 40. Be2 Rh8 41. Ra1 Rc8 42. Ra6 Rc6 43. Ra3 Nd5 44. b5 Rxc3 45. Ra7+ Kf6 46.
Ke1 Bb4 47. Kd1 Rc5 48. Ra8 Nc3+ 49. Kc2 Nxe2+ 50. Kb3 Bd2 51. Ka4 Nd4 52. b6 Ra5+ 53. Rxa5 Bxa5 54. Kxa5 Ndc6+ 55. Kb5 g5 56. Kc5 g4 0-1

[Event "*** Titled Tuesday Blitz"]
[Site "Chess.com"]
[Date "2018.08.07"]
[Round "6"]
[White "misha_melnichuk"]
[Black "Kislov_Oleg"]
[Result "1-0"]
[WhiteElo "2602"]
[BlackElo "2372"]
[TimeControl "180+2"]
[EndTime "14:19:10 PDT"]
[Termination "misha_melnichuk won by resignation"]

1. Nf3 d5 2. g3 Nf6 3. Bg2 Bg4 4. O-O Nbd7 5. d4 c6 6. c4 e6 7. b3 Ne4 8. Bb2 Bd6 9. Nc3 f5 10.
Qc2 O-O 11. e3 Bxf3 12. Bxf3 Ndf6 13. Bg2 Nxc3 14. Bxc3 Ne4 15. Bb2 Qe7 16. a3 h5 17.
f3 Nf6 18. Qf2 g5 19. Qe2 g4 20. f4 h4 21. gxh4 Rf7 22. Bc3 Rh7 23. Be1 Bxa3 24. c5 Bxc5 25. dxc5 Qxc5 26. b4 Qb6 27. Bc3 Nd7 28.
h3 Rxh4 29. Qf2 Qd8 30. Qg3 Qe7 31. Be1 Rh7 32. hxg4 fxg4 33. Qxg4+ Rg7 34. Qf3 Kf7 35. Bc3 Nf6 36. Bd4 Rag8 37. Rf2 a6 38. Kf1 Qxb4 39.
Bxf6 Kxf6 40. f5 e5 41. Qh3 Qc4+ 42. Kg1 Qg4 43. Qh6+ Kf7 44. Qe6+ Kf8 45. Qc8+ Kf7 46. Qxb7+ Kf6 47. Qxc6+ Kg5 48. Qxd5 Kh4 49. Rc1 e4 50.
Kf1 Qxg2+ 51. Rxg2 Rxg2 52. Qxe4+ R2g4 53. Qh1+ Kg5 54. Ke2 1-0

[Event "*** Titled Tuesday Blitz"]
[Site "Chess.com"]
[Date "2018.08.07"]
[Round "6"]
[White "GadimbayliA"]
[Black "Nyzhnyk_Illia"]
[Result "1-0"]
[WhiteElo "2704"]
[BlackElo "2758"]
[TimeControl "180+2"]
[EndTime "14:19:13 PDT"]
[Termination "GadimbayliA won by resignation"]

1. e4 e6 2. d4 d5 3. Nd2 c5 4. exd5 Qxd5 5. Ngf3 cxd4 6. Bc4 Qd7 7. O-O Nc6 8. Nb3 Nf6 9. Nbxd4 Nxd4 10. Nxd4 a6 11. Re1 b5 12. Bb3 Bb7 13. Nxe6 fxe6 14. Rxe6+ Be7 15. Qe2 O-O-O 16. Bf4 Rhe8 17. Re1 Bc5 18. Rxe8 Rxe8 19. Be6 Rxe6 20. Qxe6 Qxe6 21. Rxe6 Kd7 22.
Re2 Ne4 23. Be3 Bd6 24. Bd4 g6 25. f3 Ng5 26. Kf2 Bxh2 27. Bf6 Bf4 28. Re7+ Kc8 29. g3 Bc1 30. Bxg5 Bxg5 31. Rxh7 Bf6 32. Rh6 Bxb2 33.
Rxg6 a5 34. Rg5 Bc6 35. g4 Kd7 36. Ke2 a4 37. Kd3 a3 38. f4 Kd6 39. c4 bxc4+ 40. Kxc4 Be8 41. Kb4 Bc1 42. Rg7 Bc6 43. Rg6+ Kc7 44.
Rg7+ Kd6 45. Rg6+ Kd5 46. f5 Be8 47. Rg8 Bd7 48. Rd8 Kc6 49. f6 Be6 50. f7 Bxf7 51.
Rc8+ Kd6 52. Rxc1 Bxa2 53. Kxa3 Be6 54. g5 Ke5 55. Rf1 Bf5 56. Kb4 Ke6 57. Kc5 Bd3 58. Rf2 Bf5 59. Kd4 Bb1 60. Rf6+ Ke7 61. Ke5 Bc2 62. g6 Bb3 63. g7 1-0

[Event "*** Titled Tuesday Blitz"]
[Site "Chess.com"]
[Date "2018.08.07"]
[Round "6"]
[White "ahmadzada13"]
[Black "Zhuu96"]
[Result "0-1"]
[WhiteElo "2646"]
[BlackElo "2836"]
[TimeControl "180+2"]
[EndTime "14:19:14 PDT"]
[Termination "Zhuu96 won by resignation"]

1. e4 c5 2. Nf3 e6 3. d4 cxd4 4. Nxd4 Nc6 5. Nc3 a6 6. Nxc6 bxc6 7. Bd3 Bc5 8. O-O e5 9. Qe2 Ne7 10. Be3 Bxe3 11. Qxe3 Ng6 12. Ne2 O-O 13. f4 exf4 14.
Nxf4 Qg5 15. Rf3 Ne5 16. Rff1 d6 17. Rae1 a5 18. a4 Bd7 19. b3 Qe7 20. Qg3 Be6 21. Nh5 f6 22. Kh1 Kh8 23. Nf4 Bf7 24. Rf2 Rab8 25.
Ref1 Rb4 26. h3 Nxd3 27. Qxd3 Rxe4 28. Qd2 Qe5 29. Nd3 Qd5 30. Rf5 Qe6 31. Qxa5 Re3 32. R5f2 Qe4 33. Kg1 Bd5 34. Nf4 Bg8 35. Qc7 Qe5 36.
Qxc6 Rc3 37. Qb5 d5 38. Qe2 Qd4 39. Qd2 Qc5 40. Kh1 Rc8 41. Rc1 d4 42. Nd3 Qd5 43. Nf4 Qe4 44. Re1 Re3 45. Nd3 Rxh3+ 46. Kg1 Re3 47. Rfe2 Bd5 48. Rxe3 dxe3 49. Rxe3 Qd4 50.
Qf2 Qg4 51. Nf4 Ba8 52. Rg3 Qd1+ 53. Kh2 g5 54. Nh3 Qd6 55. Kh1 h5 56. Rd3 Qe5 57. Re3 Qd6 58. Rd3 Qe6 59. Re3 Qc6 60. Kh2 Rd8 61.
Rf3 Qd6+ 62. Qg3 Bxf3 63. Qxd6 Rxd6 64. gxf3 Rd2+ 65. Kg3 Rxc2 66. Nf2 Rb2 67. Ne4 Kg7 68. Nc5 f5 69. a5 f4+ 70. Kh3 Rf2 71. a6 Kg6 72. b4 Kf5 0-1

[Event "*** Titled Tuesday Blitz"]
[Site "Chess.com"]
[Date "2018.08.07"]
[Round "6"]
[White "Kimster98"]
[Black "nihalsarin"]
[Result "1/2-1/2"]
[WhiteElo "2515"]
[BlackElo "2752"]
[TimeControl "180+2"]
[EndTime "14:19:23 PDT"]
[Termination "Game drawn by agreement"]

1. d4 f5 2. g3 Nf6 3. Bg2 e6 4. Nf3 d5 5. O-O Bd6 6. c4 c6 7. Bf4 Bxf4 8. gxf4 O-O 9. Ne5 Nbd7 10. c5 Ng4 11. Nxg4 fxg4 12. e3 Qh4 13. f3 g3 14.
hxg3 Qxg3 15. Qe1 Qg6 16. Nc3 b6 17. b4 bxc5 18. bxc5 Ba6 19. Rf2 Rab8 20. Rb1 Bd3 21. Rbb2 h5 22. Rfd2 Bc4 23. Qf2 Nf6 24. Kh2 Rxb2 25.
Rxb2 Qd3 26. Qd2 Qh7 27. Bh3 h4 28. Bxe6+ Kh8 29. Qc2 Qh6 30. Qf5 Nh7 31. Qg4 g5 32. f5 Nf6 33. Qh3 g4 34. fxg4 Qg5 35. Rg2 Bf1 36. Qf3 Bxg2 37. Kxg2 Nxg4 38. Qf4 Nxe3+ 39. Kf3 Qxf4+ 40. Kxf4 h3 41. Ne2 h2 42. Ng3 Nf1 43. Nh1 Kg7 44. Kf3 Kf6 45. Kf2 Nd2 46. Kg2 Rh8 47. Bd7 Rg8+ 48. Kxh2 Nf3+ 49. Kh3 Nxd4 50. Ng3 Rg7 51. Nh5+ Kf7 52. Nxg7 Kxg7 53. Kg4 Kf6 54.
Kf4 a5 55. Bc8 Ne2+ 56. Ke3 Nc3 57. Bd7 Nxa2 58. Bxc6 Nb4 59. Ba4 Kxf5 60. c6 Na6 61. Kd4 Ke6 62. Bb3 Nc7 63. Kc5 Ke5 64. Kb6 Kd6 65. Bxd5 a4 66. Ba2 a3 67. Ka5 Kxc6 68. Kb4 Nb5 69. Bc4 Kb6 70. Ba2 Kc6 71. Bc4 Kb6 72.
Ba2 Nd6 73. Kxa3 Kc5 74. Kb3 Kd4 75. Kb4 Ne4 76. Bb3 Nc5 77. Ba2 1/2-1/2

[Event "*** Titled Tuesday Blitz"]
[Site "Chess.com"]
[Date "2018.08.07"]
[Round "6"]
[White "gkchesstiger"]
[Black "jk13"]
[Result "0-1"]
[WhiteElo "2754"]
[BlackElo "2549"]
[TimeControl "180+2"]
[EndTime "14:19:24 PDT"]
[Termination "jk13 won by resignation"]

1. d4 e6 2. Bf4 Nf6 3. e3 d5 4. Nd2 c5 5. c3 Nc6 6. Ngf3 Bd6 7. Bg3 O-O 8. Bb5 Ne7 9. Bd3 b6 10.
Bxd6 Qxd6 11. Ne5 a5 12. Qe2 Nd7 13. f4 f6 14. Nxd7 Bxd7 15. Rd1 cxd4 16. cxd4 Qb4 17. Rb1 Rac8 18. O-O Rc7 19. a3 Qd6 20. Nf3 Rfc8 21. g4 Ba4 22. b3 Be8 23. a4 Rc3 24. g5 Bg6 25. Bxg6 hxg6 26. gxf6 gxf6 27. Nh4 Kg7 28. Kh1 Nf5 29. Nxf5+ exf5 30. Rg1 Qe6 31. Qg2 Qe4 32. b4 Rxe3 33. bxa5 bxa5 34. Rb7+ Kh6 35. Qxe4 fxe4 36. f5 g5 37. Rb6 Rf8 38. Rb5 Rd3 39. Rxd5 e3 40.
Kg2 Re8 41. Rd6 Kg7 42. Rd7+ Kf8 43. Re1 Re4 44. Rb1 Re7 45. Rxe7 Kxe7 46. Rb5 Rxd4 47.
Kf3 Rxa4 48. Kxe3 Ra2 49. Ke4 a4 50. Ra5 Rxh2 51. Kd5 Re2 52. Ra7+ Kf8 53. Kd6 Re5 54. Rxa4 Kg7 55. Ra7+ Kh6 56. Ra8 Rxf5 57. Ke6 Rf1 58.
Kf7 g4 59. Rg8 Kh5 60. Ke6 f5 61.
Ke5 f4 62. Ke4 Kh4 63. Kd3 Kg3 64. Ke2 Ra1 0-1

[Event "*** Titled Tuesday Blitz"]
[Site "Chess.com"]
[Date "2018.08.07"]
[Round "6"]
[White "gmjlh"]
[Black "Makalexa"]
[Result "0-1"]
[WhiteElo "2721"]
[BlackElo "2101"]
[TimeControl "180+2"]
[EndTime "14:19:32 PDT"]
[Termination "Makalexa won by checkmate"]

1. e4 e5 2. Nf3 Nc6 3. Bb5 a6 4. Ba4 Nf6 5. O-O b5 6. Bb3 Bb7 7. d3 Be7 8. Nc3 O-O 9. a3 Nd4 10. Nxd4 exd4 11. Ne2 c5 12. Ng3 d5 13. exd5 Bxd5 14. Re1 Bxb3 15. cxb3 Re8 16. Nf5 Bf8 17. Bg5 Rxe1+ 18. Qxe1 Qd5 19. Nh6+ gxh6 20. Bxf6 Qf5 21. Qe4 Qxe4 22. dxe4 Bg7 23. Bxg7 Kxg7 24. Rc1 Rc8 25. f4 f5 26. exf5 Kf6 27. Kf2 Kxf5 28. Kf3 h5 29. Re1 c4 30. bxc4 bxc4 31. Re5+ Kf6 32. Re2 d3 33.
Rd2 Kf5 34. g3 a5 35. h3 Re8 36. g4+ Kf6 37. Kf2 a4 38. Kf3 Re1 39. Kf2 Re4 40. Kf3 Re1 41. Kf2 Rh1 42. Kg2 Rc1 43. Kf3 Rf1+ 44. Ke3 Rh1 45. gxh5 Rc1 46. Ke4 Rc2 47. Ke3 Rxd2 48. Kxd2 Kg7 49. h4 Kh6 50. Ke3 Kxh5 51. f5 Kh6 52. Kf3 Kg7 53. h5 Kf6 54. Ke3 Kxf5 55. b4 cxb3 56. Kxd3 Kg5 57. h6 Kxh6 58. Kc3 Kg5 59. Kb2 h5 60. Kc3 h4 61. Kb2 h3 62. Kc3 h2 63. Kb2 h1=Q 64. Kc3 Qc6+ 65. Kd4 b2 66. Ke3 Qc3+ 67. Kf2 b1=Q 68. Kg2 Qbb2+ 69.
Kh1 Qcc1# 0-1

[Event "*** Titled Tuesday Blitz"]
[Site "Chess.com"]
[Date "2018.08.07"]
[Round "6"]
[White "2Tilted"]
[Black "nonscitis"]
[Result "1/2-1/2"]
[WhiteElo "2340"]
[BlackElo "2446"]
[TimeControl "180+2"]
[EndTime "14:19:33 PDT"]
[Termination "Game drawn by stalemate"]

1. d4 Nf6 2. Nf3 e6 3. c4 d5 4. g3 dxc4 5. Qa4+ Nbd7 6. Bg2 Be7 7. O-O a6 8. Qxc4 b5 9. Qc2 Bb7 10. a4 O-O 11. axb5 axb5 12. Rxa8 Bxa8 13. Na3 b4 14. Nc4 Nb6 15. Na5 Bxf3 16. Bxf3 Qxd4 17. Qxc7 Nbd5 18. Nc6 Nxc7 19. Nxd4 Bc5 20. Nb3 Bb6 21. Bd2 Rb8 22. Rc1 Ncd5 23. e4 Ne7 24. Kf1 h5 25. Rc4 Rd8 26.
Bxb4 Ng6 27. Bc3 Ng4 28. Kg2 Nxf2 29. Bxh5 Nd1 30. Bxg6 Ne3+ 31. Kf3 Nxc4 32. Bh5 g6 33. Bg4 Ne5+ 34. Bxe5 Rd3+ 35. Ke2 Rxb3 36. Bc3 f5 37.
exf5 gxf5 38. Bf3 Bd8 39. Kd3 Kf7 40. Kc4 Rb8 41. b4 Rc8+ 42. Kb3 Rb8 43. Be5 Rb5 44. Bc3 Be7 45. Kc4 Rb8 46. b5 Rc8+ 47. Bc6 Bf6 48. Ba5 e5 49. Kd5 e4 50. b6 e3 51. b7 Rb8 52.
Kd6 e2 53. Bd5+ Kg6 54. Kc6 Be5 55. Bf3 Re8 56. Bxe2 Bb8 57. Bc4 f4 58. gxf4 Bxf4 59.
Bc7 Bxc7 60. Kxc7 Re7+ 61. Kc8 Rxb7 62. Kxb7 Kg5 63. Be6 Kh4 64. Kc7 Kg5 65. Kd7 Kh6 66.
Ke7 Kg7 67. Ke8 Kh8 68. Kf8 Kh7 69. Bf7 Kh8 70. h3 Kh7 71. Bg8+ Kh8 72. Kf7 1/2-1/2

[Event "*** Titled Tuesday Blitz"]
[Site "Chess.com"]
[Date "2018.08.07"]
[Round "6"]
[White "MateusViageiro"]
[Black "Caisachess"]
[Result "1/2-1/2"]
[WhiteElo "2320"]
[BlackElo "2248"]
[TimeControl "180+2"]
[EndTime "14:19:36 PDT"]
[Termination "Game drawn by agreement"]

1. d4 Nf6 2. Nf3 e6 3. Bg5 Be7 4. Nbd2 d5 5. e3 O-O 6. c3 c5 7.
Bd3 b6 8. O-O Ba6 9. Bxa6 Nxa6 10. Qe2 Nc7 11. Ne5 h6 12. Bh4 Qe8 13. f4 Nb5 14. a4 Nd6 15. Kh1 Nfe4 16. Be1 Nxd2 17. Bxd2 Ne4 18. Be1 c4 19. f5 Bf6 20. Ng4 Qd7 21. Nxf6+ Nxf6 22. Bh4 Ne4 23. f6 g6 24. Qg4 Kh7 25. Qh3 Rg8 26. Be1 g5 27. Bg3 Rg6 28. Be5 b5 29. axb5 Qxb5 30. Ra2 a5 31. Qg4 a4 32.
Rfa1 Nxf6 33. Qf3 Nh5 34. Qxf7+ Ng7 35. Rf1 Qe8 36. Qxe8 Nxe8 37. h3 Kg8 38. Rfa1 Ra6 39. Rxa4 Rxa4 40. Rxa4 Nf6 41. Ra8+ Kf7 42. Ra7+ Ke8 43.
Rb7 Ne4 44. b3 cxb3 45. Rxb3 h5 46. Rb8+ Kd7 47. Rb7+ Kc6 48. Rc7+ Kb5 49. Rh7 h4 50. Rc7 Ka4 51. c4 dxc4 52. Rxc4+ Kb5 53. Rc8 g4 54.
hxg4 Rxg4 55. Rh8 Nf2+ 56. Kh2 Nd1 57. Kh3 Nxe3 58. Rh6 Rxg2 59. Bf4 Re2 60. Rxe6 Nd5 61. Rxe2 Nxf4+ 62. Kxh4 Nxe2 1/2-1/2

[Event "*** Titled Tuesday Blitz"]
[Site "Chess.com"]
[Date "2018.08.07"]
[Round "6"]
[White "tomsishere"]
[Black "AndrewDGreen"]
[Result "0-1"]
[WhiteElo "2341"]
[BlackElo "2178"]
[TimeControl "180+2"]
[EndTime "14:19:38 PDT"]
[Termination "AndrewDGreen won by checkmate"]

1. e4 c5 2. Nf3 g6 3. d4 cxd4 4. Qxd4 Nf6 5. Nc3 Nc6 6. Qa4 d6 7. e5 dxe5 8. Nxe5 Bg7 9. Nxc6 bxc6 10. Bd3 O-O 11. O-O Nd5 12. Qxc6 Be6 13. Bd2 Nb4 14. Qf3 Nxd3 15. cxd3 Rb8 16. Rab1 Bf5 17. Bf4 e5 18.
Bg3 Qxd3 19. Qc6 Rfc8 20. Qd5 Rxc3 21. bxc3 Rxb1 22. Qxd3 Bxd3 23. Rxb1 Bxb1 24. a4 f5 25. f3 Kf7 26. a5 Bd3 27. a6 Bxa6 28. Bf2 Bd3 29. Bxa7 Ke6 30. Kf2 Kd5 31. Ke3 Kc4 32.
Kd2 Bf1 33. g3 Bg2 34. Ke3 Kxc3 35. f4 e4 36. Bb6 Kc4 37. Ba7 Kd5 38. Bb6 Bf8 39.
Ke2 Bf3+ 40. Ke1 Bc5 41. Ba5 Bg1 42. h3 h5 43. Bd8 Bd4 44. Bc7 e3 45. Bd8 Bc3+ 46.
Kf1 e2+ 47. Kf2 e1=Q+ 48. Kxf3 Qe4+ 49. Kf2 Bd4+ 50. Kf1 Qd3+ 51. Ke1 Bc3+ 52. Kf2 Qd2+ 53. Kf3 Qd1+ 54. Kf2 Be1+ 55. Kf1 Bxg3+ 56. Kg2 h4 57.
Bxh4 Bxh4 58. Kh2 Qe2+ 59. Kh1 Qf3+ 60. Kh2 Qg3+ 61. Kh1 Qxh3+ 62. Kg1 Qg3+ 63. Kh1 Qxf4 64. Kg2 Bf6 65. Kh1 Be7 66. Kg2 Bd6 67. Kg1 Ke4 68.
Kg2 g5 69. Kg1 g4 70. Kg2 Qf3+ 71. Kg1 Bc5+ 72. Kh2 Qf2+ 73. Kh1 Qg1# 0-1

[Event "*** Titled Tuesday Blitz"]
[Site "Chess.com"]
[Date "2018.08.07"]
[Round "6"]
[White "ShimanovAlex"]
[Black "LittlePeasant"]
[Result "1/2-1/2"]
[WhiteElo "2762"]
[BlackElo "2782"]
[TimeControl "180+2"]
[EndTime "14:20:00 PDT"]
[Termination "Game drawn by agreement"]

1. d4 Nf6 2. Bf4 c5 3. c3 Qb6 4. Qb3 Qxb3 5. axb3 cxd4 6. cxd4 Nc6 7. e3 e6 8. Nc3 Bb4 9. Bd3 Nd5 10. Ne2 Nxf4 11. Nxf4 d5 12. Ke2 Bd6 13. g3 Ke7 14. Rhc1 Bd7 15.
Na4 Na5 16. Nc5 Bxc5 17. Rxa5 Bb4 18. Raa1 Bd6 19. h4 h6 20. h5 a6 21. Kd1 Rhc8 22. Be2 Rxc1+ 23. Rxc1 Rc8 24. Ra1 Rc6 25. Nd3 f6 26. f4 Rb6 27. Kc2 Rc6+ 28. Kd2 Rb6 29. Bd1 Be8 30. Rc1 Kd8 31. Nc5 Bf7 32. g4 Bg8 33.
Kc3 Rc6 34. Kd2 Rc7 35. b4 Ke7 36. Be2 Bf7 37. Bd3 Be8 38. Ra1 Bf7 39. Rg1 Be8 40.
Ra1 Bf7 41. Be2 Be8 42. Bf3 Bb5 43. f5 exf5 44. gxf5 b6 45. Ne6 Bxb4+ 46. Kd1 Rd7 47. Rc1 Bd3 48. Nf4 Bc4 49. Ne6 Kd6 50. e4 dxe4 51.
Bxe4 Bxe6 52. Rc6+ Ke7 53. Rxe6+ Kf7 54. d5 Rd6 55.
Kc2 Rxe6 56. dxe6+ Ke7 57. Kb3 Bc5 58. Kc4 Kd6 59.
b4 Bf2 60. Bc2 Be1 61. Be4 Bd2 62. Bc2 Be1 63. Bb1 Bg3 64. Be4 Be5 65. Bb7 a5 66. bxa5 bxa5 67. Kb5 Bc3 68. Bc8 Bb4 69. Bd7 Ke5 70. Ka4 Be7 71. Kxa5 Kxf5 72. Kb5 Kg5 73. Be8 f5 74. Kc4 f4 75. Kd3 Kf5 76. Ke2 Kxe6 77. Kf3 Kf5 78. Bg6+ Kg5 79. Bf7 Bd6 80. Bg6 Be5 81.
Bf7 Bc3 82. Bg6 Be5 83. Bf7 Kf6 84. Bg6 Ke7 85. Bh7 g5 86. Bf5 Kd6 87. Bg4 1/2-1/2

[Event "*** Titled Tuesday Blitz"]
[Site "Chess.com"]
[Date "2018.08.07"]
[Round "6"]
[White "VeraNebolsina"]
[Black "inegrepus"]
[Result "0-1"]
[WhiteElo "2375"]
[BlackElo "2199"]
[TimeControl "180+2"]
[EndTime "14:20:04 PDT"]
[Termination "inegrepus won on time"]

1. e4 e6 2. d4 d5 3. exd5 exd5 4.
Nf3 Nf6 5. Bd3 Bd6 6. Qe2+ Qe7 7. Qxe7+ Bxe7 8. O-O O-O 9. Bf4 c6 10. h3 Nbd7 11. Nbd2 Re8 12. Rfe1 Nf8 13. Nb3 Ne6 14. Bh2 b6 15. a4 a5 16. c3 Ba6 17. Bf5 Bf8 18.
Ne5 Rac8 19. Nd2 g6 20. Bd3 Bxd3 21. Nxd3 Bh6 22. Nf3 Ne4 23. Nfe5 Nd2 24. Ng4 Bg7 25. Re2 Nb3 26. Rae1 h5 27. Nge5 Nbxd4 28. cxd4 Nxd4 29.
Rd2 Nb3 30. Rdd1 c5 31. Nd7 c4 32. N3e5 d4 33. Nxb6 Bxe5 34. Bxe5 Rc6 35. Nd5 Ree6 36. Nf4 Re8 37. Kf1 c3 38. bxc3 dxc3 39. Bxc3 Rxe1+ 40. Bxe1 Rc4 41. Nd5 Rxa4 42. Bc3 f6 43. Nxf6+ Kf7 44.
Nd5 Ra2 45. Ne3 a4 46. Rd7+ Ke6 47. Ra7 Nc5 48. g3 Nd3 49. Ra6+ Kd7 50. Rf6 a3 51. Rf7+ Ke8 52. Rf6 Rc2 53. Bd4 a2 54. Nd5 a1=Q+ 55. Bxa1 Rc1+ 0-1

[Event "*** Titled Tuesday Blitz"]
[Site "Chess.com"]
[Date "2018.08.07"]
[Round "6"]
[White "Haykos"]
[Black "W_Amadeus"]
[Result "1-0"]
[WhiteElo "2536"]
[BlackElo "2571"]
[TimeControl "180+2"]
[EndTime "14:20:05 PDT"]
[Termination "Haykos won by resignation"]

1. e4 e5 2. Nf3 Nc6 3. Bc4 Nf6 4. d3 Be7 5. O-O O-O 6. a4 d5 7. exd5 Nxd5 8. a5 a6 9. Re1 Bg4 10. c3 Qd7 11. Nbd2 Kh8 12. Qb3 Nf4 13. Ne4 Nxg2 14.
Kxg2 Bh3+ 15. Kg1 Qg4+ 16. Ng3 Qxf3 17. Bd5 Qxd3 18. Be4 Qb5 19. Qxb5 axb5 20. Bxc6 bxc6 21. Rxe5 Bd6 22. Re1 f5 23. f4 Rfe8 24. Be3 Kg8 25. Kf2 g5 26. Nh5 gxf4 27. Bxf4 Kf7 28. Rxe8 Kxe8 29.
Nf6+ Kf7 30. Nh5 Bg4 31. Bxd6 cxd6 32. Nf4 Kf6 33. h3 Kg5 34. Ne6+ Kf6 35. Nf4 Kg5 36. Ne6+ Kf6 37. Nd4 Bxh3 38. a6 Ke5 39. Nxc6+ Kd5 40. Nb4+ Kc5 41. Rd1 Bg4 42. Rd5+ Kb6 43. Rxd6+ Ka5 44.
Rh6 Ka4 45. Rxh7 Kb3 46. a7 Kxb2 47. Nd5 Kb3 48. Ke3 Bd1 49. Kd4 Rd8 50. Kc5 Bf3 51. Nb6 Kxc3 52. Kxb5 f4 53. Rf7 Be2+ 54. Kc6 f3 55.
a8=Q Rxa8 56. Nxa8 Kd4 57. Nc7 Ke3 58. Nd5+ Kd2 59.
Kc5 Ke1 60. Nf4 f2 61. Ng2+ Kf1 62. Ne3+ Kg1 63. Rg7+ Kh1 64. Kd4 f1=Q 65. Nxf1 Bxf1 66. Ke3 Kh2 67. Kf2 Bd3 68. Rg3 Bc4 69. Rg4 Be6 70. Rh4+ Bh3 71. Rh5 1-0